 Dungeon Crawl Stone Soup version 0.30-a0-125-g51eefa89be (webtiles) character file.

Game seed: 4476458383195420831

74771 Liquidunit the Severer (level 15, -5/141 HPs)
             Began as a Minotaur Berserker on Sept 18, 2022.
             Was an Elder of Trog.
             Killed from afar by a hellephant (26 damage)
             ... with a blast of flame
             ... on level 2 of the Abyss.
             The game lasted 00:47:30 (32208 turns).

Liquidunit the Severer (Minotaur Berserker)        Turns: 32208, Time: 00:47:33

Health: -5/141     AC: 27    Str: 25      XL:     15   Next: 7%
Magic:  5/14       EV:  8    Int: 11 (12) God:    Trog [****..]
Gold:   597        SH: 23    Dex:  6 (7)  Spells: 14/14 levels left

rFire   + + .      SeeInvis .    o - +3 war axe (flame)
rCold   + . .      Faith    +    J - +7 tower shield "Odwum" {rElec rF+ Dex-5}
rNeg    + . .      Spirit   .    e - +3 plate armour {rPois}
rPois   +          Reflect  .    (helmet restricted)
rElec   +          Harm     .    h - scarf {rC+ rF+}
rCorr   +          Rampage  .    P - +2 pair of gloves {hurl}
Will    +....                    k - +0 pair of boots
Stlth   ..........               Y - amulet "Mepso" {Faith rCorr Dex+4}
HPRegen 0.33/turn                s - ring of positive energy
MPRegen 0.14/turn                L - +6 ring of intelligence

@: on berserk cooldown
A: horns 2, retaliatory headbutt, iridescent scales 1, [clumsy 2], [screaming
2], ([teleportitis 1])
a: Renounce Religion, Berserk, Trog's Hand, Brothers in Arms


You were on level 2 of the Abyss.
You worshipped Trog.
Trog was greatly pleased with you.
You visited 5 branches of the dungeon, and saw 20 of its levels.
You visited the Abyss 1 time.
You also visited: Ossuary and Bailey.

You collected 2094 gold pieces.
You spent 1497 gold pieces at shops.

Inventory:

Hand Weapons
 o - a +3 war axe of flaming (weapon)
 y - the +1 flail "Dar Tus" {venom, rC++}
   (You bought it in a shop on level 5 of the Dungeon)

   It poisons the flesh of those it strikes.
   rC:        It greatly protects you from cold.
 A - a +2 flail of protection
 F - a +1 spectral broad axe
 O - a +1 demon whip of venom
Missiles
 v - 3 throwing nets (quivered)
Armour
 e - a +3 plate armour of poison resistance (worn)
 h - a scarf of resistance (worn)
 k - a +0 pair of boots (worn)
 u - a +0 kite shield
 B - a +1 cloak of stealth
 J - the +7 tower shield "Odwum" (worn) {rElec rF+ Dex-5}
   (You found it on level 2 of the Lair of Beasts)

   Dex:       It affects your dexterity (-5).
   rF:        It protects you from fire.
   rElec:     It insulates you from electricity.
 P - a +2 pair of gloves of hurling (worn)
Jewellery
 q - a +6 ring of dexterity
 s - a ring of positive energy (left hand)
 K - a ring of ice
 L - a +6 ring of intelligence (right hand)
 M - an amulet of magic regeneration
 R - a ring of poison resistance
 T - the ring "Beagoxut" {Fly rC+ rCorr Dex-5 SInv}
   (You took it off a naga sharpshooter on level 1 of the Snake Pit)

   [ring of see invisible]

   Dex:       It affects your dexterity (-5).
   rC:        It protects you from cold.
   SInv:      It lets you see invisible.
   Fly:       It grants you flight.
   rCorr:     It protects you from acid and corrosion.
 U - an amulet of reflection
 W - a +6 ring of dexterity
 Y - the amulet "Mepso" (around neck) {Faith rCorr Dex+4}
   (You bought it in a shop on level 9 of the Dungeon)

   [amulet of faith]

   It allows you to gain divine favour quickly.
   Dex:       It affects your dexterity (+4).
   rCorr:     It protects you from acid and corrosion.
Wands
 r - a wand of roots (18)
 C - a wand of digging (1)
 G - a wand of flame (19)
Scrolls
 b - 3 scrolls of teleportation
 i - 7 scrolls of identify
 m - 4 scrolls of blinking
 t - 4 scrolls of fog
 E - 3 scrolls of noise
 Q - a scroll of fear
 S - a scroll of poison
 X - 2 scrolls of enchant armour
Potions
 a - 2 potions of berserk rage
 c - 10 potions of flight
 d - 5 potions of attraction
 g - 2 potions of lignification
 j - 3 potions of haste
 n - 2 potions of cancellation
 p - 3 potions of brilliance
 w - 6 potions of degeneration
 x - 3 potions of magic
 z - 3 potions of ambrosia
 D - 2 potions of might
 H - a potion of curing
 I - a potion of resistance
 N - 2 potions of heal wounds


   Skills:
 + Level 15.0 Fighting
 + Level 15.2 Axes
 + Level 14.9 Armour
 + Level 13.7 Dodging
 + Level 13.8 Shields


You had 14 spell levels left.
You didn't know any spells.
Your spell library was empty.

Dungeon Overview and Level Annotations

Branches:
Dungeon (12/15)            Temple (0/1) D:6            Lair (4/5) D:11
 Shoals (0/4) Lair:2        Snake (1/4) Lair:2          Orc (2/2) D:10
    Elf (1/3) Orc:2       Ossuary (visited)          Bailey (visited)
  Slime: Lair:4-5

Altars:
Ashenzari
Cheibriados
Elyvilon
Fedhas
Gozag
Hepliaklqana
Kikubaaqudgha
Nemelex Xobeh
Qazlal
Ru
Vehumet
Xom
Yredelemnul

Shops:
D:3 [   D:4 (   D:5 (   D:9 =   Snake:1 [

Annotations:
Lair:1 exclusion: oklob plant
Orc:2 1 runed translucent door, attentat's ghost, journeyman DsIE


Innate Abilities, Weirdness & Mutations

You have a pair of horns on your head.
You reflexively headbutt those who attack you in melee.
You are partially covered in iridescent scales. (AC +2)
[You are very clumsy. (Dex -4)]
[You frequently scream uncontrollably at your foes.]
[((You are occasionally teleported next to monsters.))]


Message History

You block the ancient zyme's attack. The ancient zyme closely misses you.
Your ogre rages.
You feel ill.
You feel the corruption within you wane somewhat.
You feel robust.
You feel healthier.
You feel clever.
You barely miss the ancient zyme.
The ancient zyme is heavily damaged.
You hit the hellephant. You burn the hellephant.
Your skin stops crawling.
You feel less strong-willed.
The hellephant tramples you but does no damage.
The hellephant bites you! You block the hellephant's attack.
You block the ancient zyme's attack. The ancient zyme hits you.
* * * LOW HITPOINT WARNING * * *
You feel ill.
The hellephant attacks as you move away!
The hellephant tramples you!
* * * LOW HITPOINT WARNING * * *
The hellephant bites you but does no damage.
You block the hellephant's attack. The hellephant breathes flames at you.
The blast of flame hits your ogre!! The blast of flame hits you! You resist.
* * * LOW HITPOINT WARNING * * *
Something barely misses your ogre. Something hits your ogre!
Your ogre closely misses the hellephant.
The hellephant closely misses your ogre.
The hellephant bites your ogre. The hellephant gores your ogre!
Your ogre dies!
Your ogre's corpse disappears in a puff of smoke!
You feel ill.
You fade into invisibility!
You hit the hellephant but do no damage.
The hellephant breathes flames at you. The blast of flame misses you.
You feel ill.
Your magical effects are unravelling.
You feel magically purged.
You feel yourself speed up.
You flicker back into view.
Your resistance to elements expires.
You feel your health improve. The hellephant breathes flames at you.
The blast of flame hits you!! You resist.
You die...

#.. .. .. #
##..#.# #
#.. . #..#
#.## .##. ##
..#..# .
###. ... # .
# #..x###.#
#.# . #
#Y..#.. .. .
#..#@#..#.#
## .
#..###...#.#
#.... .### #
#.#. .# ##..
## .# .#


You could see a hellephant (catching breath) and an ancient zyme.

Vanquished Creatures
  A tentacled starspawn (Abyss:2)
  The ghost of Nitaif the Warrior, an adept GrFi of Ashenzari (Snake:1)
  Harold (D:11)
  A rakshasa (Abyss:2)
  A salamander tyrant (Snake:1)
  2 hydras (Lair:2)
  5 two-headed ogres
  An anaconda (Snake:1)
  Erica (D:10)
  A boulder beetle (Lair:2)
  4 naga warriors
  5 dancing weapons (Elf:1)
  3 naga sharpshooters (Snake:1)
  2 thrashing horrors (Abyss:2)
  3 death yaks
  3 deep elf knights (Elf:1)
  2 wretched stars (Abyss:2)
  Amaemon (Lair:1)
  4 large abominations (Abyss:2)
  A sea snake (Snake:1)
  A naga ritualist (Snake:1)
  7 deep elf zephyrmancers (Elf:1)
  An orc knight (Orc:1)
  11 deep elf pyromancers
  5 mana vipers (Snake:1)
  An orc sorcerer (Orc:2)
  2 ugly things
  A salamander (Snake:1)
  2 cyclopes
  9 black mambas
  4 naga magi (Snake:1)
  An orange demon (Lair:1)
  Maurice (D:8)
  A gargoyle (D:11)
  A torpor snail (Lair:3)
  A smoke demon (Abyss:2)
  7 cane toads
  An unseen horror (D:10)
  A rime drake (Lair:2)
  2 kobold demonologists (D:11)
  4 komodo dragons
  2 ancient zymes (Abyss:2)
  A hornet (D:10)
  5 trolls
  A polar bear (Lair:2)
  Prince Ribbit (Lair:3)
  12 blink frogs
  A snapping turtle (Lair:2)
  A shadow (D:5)
  Sigmund (D:5)
  40 yaks
  A vampire (D:10)
  A water elemental (Elf:1)
  2 wyverns
  2 fire bats (Abyss:2)
  2 ynoxinuls (Abyss:2)
  3 chaos spawn (Abyss:2)
  A basilisk (Lair:1)
  Grum (D:9)
  2 steam dragons (D:8)
  Menkaure (D:5)
  12 nagas
  2 wargs
  16 water moccasins
  An acid dragon (D:8)
  20 orc warriors
  4 ice beasts
  A black bear (Lair:1)
  3 ogres (Orc:1)
  12 wolves
  5 centaurs
  2 phantoms (D:5)
  3 kobold brigands (D:10)
  Blork the orc (D:4)
  12 bullfrogs
  2 necrophages (D:6)
  4 small abominations (Abyss:2)
  A gnoll sergeant (D:8)
  4 scorpions
  3 elf skeletons (D:5)
  4 killer bees (D:9)
  2 electric eels
  2 jellies
  10 howler monkeys
  3 centaur zombies
  2 human zombies (Ossuary)
  3 quasits (Abyss:2)
  2 gnoll boudas
  2 hounds
  10 orc priests
  Jessica (D:3)
  A human skeleton (D:5)
  14 orc wizards
  Natasha (twice) (D:4)
  2 mummies (Ossuary)
  A howler monkey zombie (D:10)
  Robin (D:4)
  22 gnolls
  4 adders
  2 shadow imps
  2 white imps
  An ufetubus (D:5)
  An adder zombie (Ossuary)
  2 worms (D:2)
  4 dart slugs
  81 orcs
  5 endoplasms
  8 giant cockroaches
  29 goblins
  16 hobgoblins
  23 kobolds
  3 quokkas
  8 ball pythons
  4 bats
  A frilled lizard (D:1)
  A goblin zombie (Ossuary)
  11 hobgoblin zombies (Ossuary)
  A jackal zombie (Ossuary)
  11 kobold zombies (Ossuary)
  2 orc skeletons (D:5)
  8 orc zombies (Ossuary)
  9 rats
  2 butterflies (Lair:2)
619 creatures vanquished.

Vanquished Creatures (collateral kills)
  A cacodemon (Abyss:2)
  A wretched star (Abyss:2)
  A black mamba (Snake:1)
  An unseen horror (D:11)
  An orange demon (Abyss:2)
  An ancient zyme (Abyss:2)
  A yak (D:11)
7 creatures vanquished.

Vanquished Creatures (others)
  16 fungi
  13 plants
  2 starspawn tentacles (Abyss:2)
31 creatures vanquished.

Grand Total: 657 creatures vanquished

Notes
Turn   | Place    | Note
-------+----------+-------------------------------------------
     0 | D:1      | Liquidunit the Minotaur Berserker began the quest for the
                  | Orb.
     0 | D:1      | Reached XP level 1. HP: 19/19 MP: 0/0
   213 | D:1      | Reached XP level 2. HP: 27/27 MP: 1/1
   939 | D:1      | Reached XP level 3. HP: 28/33 MP: 2/2
  1434 | D:2      | Reached XP level 4. HP: 36/41 MP: 3/3
  1514 | D:2      | Reached ** piety under Trog
  2766 | D:3      | Found a sacrificial altar of Ru.
  2831 | D:3      | Reached XP level 5. HP: 47/47 MP: 4/4
  3009 | D:3      | Found a faded altar of an unknown god.
  3055 | D:3      | Noticed Jessica
  3065 | D:3      | Killed Jessica
  3112 | D:3      | Found Taojoilox's Antique Armour Shoppe.
  3351 | D:4      | Noticed Robin
  3362 | D:4      | Killed Robin
  3490 | D:4      | Noticed a two-headed ogre
  3501 | D:4      | Killed a two-headed ogre
  3502 | D:4      | Reached skill level 5 in Armour
  3502 | D:4      | Reached skill level 5 in Dodging
  3502 | D:4      | Reached XP level 6. HP: 48/57 MP: 5/5
  3502 | D:4      | Reached XP level 7. HP: 53/63 MP: 6/6
  3600 | D:4      | Found Kaph's Antique Weapon Emporium.
  3676 | D:4      | Noticed Natasha
  3681 | D:4      | Killed Natasha
  3758 | D:4      | Noticed Blork the orc
  3769 | D:4      | Killed Blork the orc
  3770 | D:4      | Reached skill level 1 in Shields
  4017 | D:5      | Entered Level 5 of the Dungeon
  4017 | D:5      | Noticed Sigmund
  4027 | D:5      | Killed Sigmund
  4028 | D:5      | Reached XP level 8. HP: 68/71 MP: 7/7
  4284 | D:5      | Found an opulent altar of Gozag.
  4284 | D:5      | Found a sparkling altar of Nemelex Xobeh.
  4356 | D:5      | Found Metral's Antique Weapon Boutique.
  4501 | D:5      | Found a sand-covered staircase.
  4513 | Ossuary  | Entered an ossuary
  4584 | Ossuary  | Reached *** piety under Trog
  5507 | D:5      | Noticed Menkaure
  5513 | D:5      | Killed Menkaure
  5514 | D:5      | Reached XP level 9. HP: 62/80 MP: 8/8
  5859 | D:5      | Noticed a troll
  5874 | D:5      | Killed a troll
  6270 | D:5      | Bought a polished flail for 178 gold pieces
  6270 | D:5      | Identified the +1 flail "Dar Tus" {venom, rC++} (You bought
                  | it in a shop on level 5 of the Dungeon)
  7572 | D:6      | Found a snail-covered altar of Cheibriados.
  7584 | D:6      | Reached skill level 5 in Shields
  7814 | D:6      | Found a staircase to the Ecumenical Temple.
  8227 | D:7      | Found a flagged portal.
  8307 | Bailey   | Entered a bailey
  8422 | Bailey   | Reached **** piety under Trog
  8946 | Bailey   | Noticed an orc warlord
  8983 | Bailey   | Noticed an orc knight
  8985 | Bailey   | Reached XP level 10. HP: 69/90 MP: 9/9
  9813 | D:8      | Found a radiant altar of Vehumet.
 10231 | D:8      | Noticed Maurice
 10243 | D:8      | Found a stormy altar of Qazlal.
 10252 | D:8      | HP: 1/91 [acid dragon/splash of acid (11)]
 11173 | D:8      | Killed Maurice
 12120 | D:8      | Found a white marble altar of Elyvilon.
 12209 | D:9      | Noticed Grum
 12216 | D:9      | Killed Grum
 12400 | D:9      | Identified a scroll of acquirement
 12400 | D:9      | Acquired a +2 plate armour of poison resistance
 12716 | D:9      | Reached skill level 10 in Axes
 12730 | D:9      | Reached skill level 10 in Fighting
 12754 | D:9      | Noticed a two-headed ogre
 12768 | D:9      | Killed a two-headed ogre
 12769 | D:9      | Reached XP level 11. HP: 99/99 MP: 10/10
 12959 | D:9      | Found Zapusm's Jewellery Shoppe.
 13575 | D:9      | Reached skill level 10 in Armour
 13651 | D:9      | Found a blossoming altar of Fedhas.
 13946 | D:10     | Entered Level 10 of the Dungeon
 13952 | D:10     | Found a hazy altar of Hepliaklqana.
 13988 | D:10     | Noticed Erica
 13989 | D:10     | Found a broken altar of Ashenzari.
 13989 | D:10     | Noticed a two-headed ogre
 13995 | D:10     | Killed Erica
 14000 | D:10     | Killed a two-headed ogre
 14235 | D:10     | Found an ancient bone altar of Kikubaaqudgha.
 14679 | D:10     | Found a basalt altar of Yredelemnul.
 14733 | D:10     | Noticed a two-headed ogre
 14743 | D:10     | Killed a two-headed ogre
 15889 | D:10     | Found a staircase to the Orcish Mines.
 16036 | D:11     | Noticed Harold
 16048 | D:11     | Killed Harold
 16049 | D:11     | Reached skill level 10 in Dodging
 16073 | D:11     | Paralysed by a kobold demonologist for 4 turns
 16594 | Orc:1    | Entered Level 1 of the Orcish Mines
 16779 | Orc:1    | Reached XP level 12. HP: 97/110 MP: 11/11
 16916 | Orc:2    | Entered Level 2 of the Orcish Mines
 17097 | D:4      | Noticed Natasha
 17102 | D:4      | Killed Natasha
 17102 | D:4      | Reached ***** piety under Trog
 17118 | D:3      | Bought a glowing scarf for 200 gold pieces
 17118 | D:3      | Bought a robe for 17 gold pieces
 17118 | D:3      | Bought a pair of runed gloves for 187 gold pieces
 17501 | D:11     | Found a staircase to the Lair.
 17501 | D:11     | Noticed a death yak
 17501 | D:11     | Noticed a death yak
 17504 | D:11     | Noticed a death yak
 17512 | D:11     | Killed a death yak
 17517 | D:11     | Killed a death yak
 17961 | D:10     | Killed a death yak
 18390 | D:10     | Reached skill level 10 in Shields
 19657 | D:11     | Noticed a two-headed ogre
 19665 | D:11     | Killed a two-headed ogre
 19831 | Lair:1   | Entered Level 1 of the Lair of Beasts
 19901 | Lair:1   | Noticed Amaemon
 19910 | Lair:1   | Killed Amaemon
 21161 | Lair:2   | Found a staircase to the Snake Pit.
 21795 | Lair:2   | Noticed a four-headed hydra
 21795 | Lair:2   | Noticed a boulder beetle
 21803 | Lair:2   | Killed a one-headed hydra
 21804 | Lair:2   | Reached XP level 13. HP: 119/119 MP: 12/12
 22061 | Lair:2   | You fall into a shaft and drop 2 floors!
 22503 | Lair:3   | Noticed Prince Ribbit
 22508 | Lair:3   | Killed Prince Ribbit
 23568 | Lair:2   | Identified the +7 tower shield "Odwum" {rElec rF+ Dex-5}
 23858 | Lair:2   | Found a sacrificial altar of Ru.
 23942 | Lair:2   | Found a staircase to the Shoals.
 24319 | Snake:1  | Entered Level 1 of the Snake Pit
 24824 | Snake:1  | Found Latuppav's Armour Boutique.
 25547 | Snake:1  | Found a runed translucent door.
 26643 | Snake:1  | Found a runed translucent door.
 26644 | Snake:1  | Noticed Nitaif's ghost (adept GrFi)
 26695 | Snake:1  | Reached XP level 14. HP: 130/130 MP: 13/13
 26745 | Snake:1  | Identified the ring "Beagoxut" {Fly rC+ rCorr Dex-5 SInv}
 27877 | Snake:1  | Killed Nitaif's ghost
 28563 | D:9      | Bought the amulet "Mepso" {Faith rCorr Dex+4} for 915 gold
                  | pieces
 28707 | Orc:2    | Found a runed translucent door.
 28707 | Orc:2    | Found a shimmering altar of Xom.
 28707 | Orc:2    | Noticed attentat's ghost (journeyman DsIE)
 28855 | Orc:2    | Found a staircase to the Elven Halls.
 29426 | Elf:1    | Entered Level 1 of the Elven Halls
 30877 | Elf:1    | Received a gift from Trog
 31276 | Elf:1    | Noticed a deep elf sorcerer
 31284 | Abyss:2  | Cast into level 2 of the Abyss (a deep elf sorcerer)
 31318 | Abyss:2  | Lost intelligence.
 31623 | Abyss:2  | Noticed a cacodemon
 31625 | Abyss:2  | Gained mutation: Your magical capacity is low. (-10% MP) [a
                  | cacodemon]
 31630 | Abyss:2  | Killed a cacodemon
 31634 | Abyss:2  | Reached skill level 15 in Axes
 31648 | Abyss:2  | Lost mutation: Your magical capacity is low. (-10% MP)
                  | [potion of mutation]
 31648 | Abyss:2  | Gained mutation: You are robust. (+10% HP) [potion of
                  | mutation]
 31648 | Abyss:2  | Lost mutation: You are robust. (+10% HP) [potion of
                  | mutation]
 31649 | Abyss:2  | Gained mutation: You have sharp fingernails. [potion of
                  | mutation]
 31649 | Abyss:2  | Lost mutation: You have sharp fingernails. [potion of
                  | mutation]
 31650 | Abyss:2  | Gained mutation: You are partially covered in iridescent
                  | scales. (AC +2) [potion of mutation]
 31907 | Abyss:2  | Noticed a tentacled starspawn
 31917 | Abyss:2  | Killed a tentacled starspawn
 32148 | Abyss:2  | Reached skill level 15 in Fighting
 32148 | Abyss:2  | Reached XP level 15. HP: 112/112 MP: 14/14
 32195 | Abyss:2  | Noticed a hellephant
 32208 | Abyss:2  | Killed from afar by a hellephant

Illustrated notes

Levels and vault maps discovered:
D:1:      scummos_arrival_simple_crosswalls, layout_basic,
          nicolae_kite_square_tiling_tiny, minmay_split_cup_large
D:2:      layout_loops_cross, grunt_decor_junction, grunt_ministairs_2,
          fountainhead, fountainhead
D:3:      layout_rooms, nicolae_ru_sacrificial_ziggurat,
          shapermc_ecumenical_altar_rom_forum, serial_shops, shop, uniq_jessica
D:4:      layout_basic, kennysheep_windowed_goal, uniq_blork_the_orc,
          uniq_natasha, uniq_robin
D:5:      layout_gridville, grunt_temple_overflow_opulence,
          nicolae_ossuary_entry_catacombs, serial_shops, nicolae_stop_n_shop_1,
          st_stairs_10, minmay_misc_feat_ornament,
          eino_small_chamber_without_monster, minmay_manual_mullet,
          uniq_sigmund, uniq_menkaure
D:6:      layout_rooms, mainiacjoe_overflow_tiny_flanked,
          minmay_temple_entry_waves
D:7:      layout_rooms, enter_bailey_3, item_on_display_a
D:8:      layout_loops_ring, mainiacjoe_overflow_paths,
          lemuel_coloured_pillars_altar, mainiacjoe_overflow_surrounded_room,
          grunt_decor_mini_mirrors, uniq_maurice
D:9:      layout_roguey [special_room_orc], fedhas_bush_and_centaur_altar,
          serial_shops, nicolae_shop_waterfront, uniq_grum
D:10:     layout_loops_corners, mainiacjoe_overflow_catch_the_wave,
          lemuel_zombie_altar_yredelemnul, mainiacjoe_overflow_cross_hatched,
          uniq_erica
D:11:     layout_irregular_city, dpeg_lair_monsters, uniq_harold
D:12:     layout_loops_corners
Lair:1:   minmay_lair_oklob_tunnel, layout_hall_layers, minmay_holes,
          st_stairs_4, uniq_amaemon
Lair:2:   layout_small_grid, minmay_shoals_entry_hut,
          minmay_snake_entry_guardpost_small, basic_altar, minivault_27,
          nzn_random_ring, lemuel_fruit_fields
Lair:3:   layout_loops_ring, uniq_prince_ribbit2
Lair:4:   layout_misc_corridors, lemuel_fruit_fields, grunt_megastairs_2
Snake:1:  layout_basic, serial_shops, shop_statue, ebering_ghost_inner_flame,
          lightli_airlock, lemuel_fruit_tree
Orc:1:    layout_caves
Orc:2:    grunt_orc_cross, layout_diamond_mine, ebering_ghost_xom, uniq_snorg
Elf:1:    layout_geoelf_diagonals, minmay_elf_sorcery, fountainhead
Abyss:2:  base: D:2, hangedman_abyss_river_spirits

Skill      XL: |  1  2  3  4  5  6  7  8  9 10 11 12 13 14 |
---------------+-------------------------------------------+-----
Fighting       | 4 6 7 8 10 11 12 13 15 | 15.0
Armour         | 3 5 6 7 8 9 11 12 13 14 | 14.9
Axes           | 4 6 7 8 10 11 12 13 15 | 15.2
Dodging        | 3 5 6 7 9 10 11 12 13 | 13.7
Shields        | 1 4 6 7 9 11 12 13 | 13.8

Action                   |  1- 3 |  4- 6 |  7- 9 | 10-12 | 13-15 || total
-------------------------+-------+-------+-------+-------+-------++-------
Melee: Hand axe          |    65 |    84 |   203 |       |       ||   352
       Headbutt          |     6 |    13 |    69 |   188 |   148 ||   424
       Punch             |     1 |       |       |       |       ||     1
       Flail             |       |       |   194 |   724 |       ||   918
       War axe           |       |       |       |   100 |   693 ||   793
Throw: Throwing net      |       |       |       |     1 |       ||     1
Invok: Berserk           |     2 |     5 |     8 |    19 |    13 ||    47
       Trog's Hand       |       |     2 |     7 |     3 |     6 ||    18
       Brothers in Arms  |       |       |     1 |     2 |     4 ||     7
  Use: Scroll            |       |     8 |     9 |    13 |    10 ||    40
       Potion            |       |       |     2 |     7 |     9 ||    18
 Stab: Sleeping          |       |       |     2 |       |       ||     2
       Held in net/web   |       |       |       |     1 |       ||     1
       Distracted        |       |       |       |       |     1 ||     1
Armor: Animal skin       |     2 |       |       |       |       ||     2
       Leather armour    |    16 |    25 |    91 |       |       ||   132
       Chain mail        |       |       |    31 |   138 |       ||   169
       Plate armour      |       |       |       |   469 |   197 ||   666
Dodge: Dodged            |    59 |    48 |   156 |   315 |   166 ||   744
Block: Kite shield       |       |       |   164 |   508 |    79 ||   751
       Tower shield      |       |       |       |       |   586 ||   586

Table legend: (Time is in decaauts)
 A = Elapsed time spent in this place.
 B = Non-inter-level travel time spent in this place.
 C = Inter-level travel time spent in this place.
 D = Time resting spent in this place.
 E = Time spent auto-exploring this place.
 F = Levels seen in this place.
 G = Mean time per level.
                   A        B        C        D        E       F      G
               +--------+--------+--------+--------+--------+-----+--------+
         Total |  32958 |  31991 |    967 |  14253 |  12351 |  23 | 1433.0 |
       Dungeon |  19095 |  18297 |    798 |   9030 |   6721 |  12 | 1591.2 |
          Lair |   5549 |   5445 |    104 |   2366 |   2514 |   4 | 1387.2 |
     Snake Pit |   3245 |   3209 |     36 |   1021 |   1699 |   1 | 3245.0 |
  Orcish Mines |   1663 |   1636 |     27 |    449 |    706 |   2 |  831.5 |
   Elven Halls |   1419 |   1419 |      0 |    557 |    646 |   1 | 1419.0 |
         Abyss |    965 |    965 |      0 |    579 |      0 |   1 |  965.0 |
       Ossuary |    285 |    285 |      0 |      0 |     64 |   1 |  285.0 |
        Bailey |    734 |    734 |      0 |    248 |      0 |   1 |  734.0 |
               +--------+--------+--------+--------+--------+-----+--------+

Top non-repeatable levels by time:
    D:10: 3609 daAuts
 Snake:1: 3245 daAuts
  Lair:2: 2707 daAuts
     D:5: 2699 daAuts
     D:8: 2469 daAuts
     D:9: 2024 daAuts
    D:11: 1806 daAuts
   Elf:1: 1419 daAuts
     D:2: 1400 daAuts
  Lair:1: 1382 daAuts
     D:6: 1182 daAuts
     D:1: 1157 daAuts
     D:7: 1098 daAuts
  Lair:3: 1016 daAuts
   Orc:2: 1002 daAuts
